 Dungeon Crawl Stone Soup version 0.30.1-3-gfc49f6343a (webtiles) character file.

Game seed: 16267374640104663325

1202 Peloso the Poker (level 8, -12/69 HPs)
             Began as a Minotaur Fighter on Aug 5, 2023.
             Killed from afar by a gargoyle (14 damage)
             ... with a stone arrow
             ... on level 6 of the Dungeon.
             The game lasted 00:07:16 (3998 turns).

Peloso the Poker (Minotaur Fighter)                 Turns: 3998, Time: 00:07:16

Health: -12/69     AC: 11    Str: 20    XL:     8   Next: 21%
Magic:  7/7        EV:  8    Int:  5    God:
Gold:   246        SH:  5    Dex: 15    Spells: 7/7 levels left

rFire   + . .        b - +7 trident of Zin's Righteous Fury {freeze, rPois rF+ Dex+2}
rCold   . . .        i - +0 buckler
rNeg    . . .        c - +0 chain mail
rPois   +            (helmet restricted)
rElec   .            (no cloak)
rCorr   .            r - +0 pair of gloves
SInv    .            (no boots)
Will    .....        (no amulet) Stlth
                     (no ring)
HPRegen 0.31/turn    (no ring)
MPRegen 0.10/turn

%: no passive effects
@: no status effects
A: horns 2, retaliatory headbutt
a: no special abilities


You were on level 6 of the Dungeon.
You visited 1 branch of the dungeon, and saw 6 of its levels.

You collected 246 gold pieces.

Inventory:

Hand Weapons
 a - a +0 long sword
 b - the +7 trident of Zin's Righteous Fury (weapon) {freeze, rPois rF+ Dex+2}
   (You found it on level 2 of the Dungeon)

   Dex:       It affects your dexterity (+2).
   rF:        It protects you from fire.
   rPois:     It protects you from poison.
Armour
 c - a +0 chain mail (worn)
 i - a +0 buckler (worn)
 r - a +0 pair of gloves (worn)
Jewellery
 j - a ring of fire
 s - an amulet of magic regeneration
 u - an amulet of the acrobat
 y - a ring of protection from cold
Wands
 t - a wand of flame (13)
 x - a wand of paralysis (12)
Scrolls
 e - a scroll of poison {unknown}
 g - 3 scrolls of enchant armour {unknown}
 h - 3 scrolls of fear {unknown}
 k - 3 scrolls of identify {unknown}
 m - 3 scrolls of fog {unknown}
 p - 5 scrolls of teleportation {unknown}
 q - a scroll of enchant weapon {unknown}
Potions
 d - 2 potions of might
 f - 5 potions of curing
 l - a potion of attraction {unknown}
 n - a potion of lignification {unknown}
 o - a potion of mutation {unknown}
 v - 2 potions of heal wounds {unknown}
 w - a potion of haste {unknown}
 z - a potion of flight {unknown}


   Skills:
 + Level 5.4 Fighting
 + Level 4.1 Long Blades
 + Level 7.1 Polearms
 + Level 6.7 Armour
 + Level 2.1 Dodging
 + Level 1.0 Stealth
 + Level 5.1 Shields


You had 7 spell levels left.
You didn't know any spells.
Your spell library contained the following spells:

 Spells                   Type           Power      Damage    Failure   Level
 Kiss of Death            Conj/Necr      0%         2d5       99%         1
 Cigotuvi's Dreadful Rot  Necr/Pois/Air  0%         N/A       100%        2
 Ignite Poison            Fire/Tmut/Pois 0%         N/A       100%        3
 Anguish                  Hex/Necr       0%         N/A       100%        4
 Freezing Cloud           Conj/Ice/Air   0%         6-21      100%        5
 Borgnjor's Revivificati  Necr           0%         N/A       100%        8


Dungeon Overview and Level Annotations

Branches:
Dungeon (6/15)
 Temple: D:4-7

Altars:
Dithmenos
Elyvilon
Fedhas
Hepliaklqana
Kikubaaqudgha
Qazlal
Sif Muna
Wu Jian


Innate Abilities, Weirdness & Mutations

You have a pair of horns on your head.
You reflexively headbutt those who attack you in melee.


Message History

A gargoyle and an orc come into view.
Found a cyan potion.
The orc shouts!
You hear a shout!
You barely miss the orc. The orc barely misses you.
You hit the orc. You freeze the orc.
The orc is heavily wounded.
The orc hits you with a +0 whip.
You completely miss the orc. You headbutt the orc.
You kill the orc!
You hit the gargoyle but do no damage.
You headbutt the gargoyle, but do no damage.
The gargoyle hurls a stone arrow at you.
The stone arrow hits you!
You hit the gargoyle. You freeze the gargoyle.
You headbutt the gargoyle, but do no damage.
The gargoyle is moderately damaged.
The gargoyle hits you with a +0 morningstar!!
You barely miss the gargoyle.
The gargoyle is moderately damaged.
The gargoyle hits you with a +0 morningstar!
You hit the gargoyle but do no damage. Your headbutt misses the gargoyle.
The gargoyle is moderately damaged.
The gargoyle hits you with a +0 morningstar!
* * * LOW HITPOINT WARNING * * *
You hit the gargoyle but do no damage.
The gargoyle is moderately damaged.
You block the gargoyle's attack.
You feel better.
The gargoyle hits you with a +0 morningstar!
* * * LOW HITPOINT WARNING * * *
Okay, then.
The gargoyle attacks as you move away! You block the gargoyle's attack.
There is a stone staircase leading down here.
The gargoyle attacks as you move away! You block the gargoyle's attack.
The gargoyle hurls a stone arrow at you.
The stone arrow hits you.
* * * LOW HITPOINT WARNING * * *
The gargoyle hurls a stone arrow at you.
The stone arrow hits you!
You die...

###### #....#
#.##.### #.#....#
#######.####.####
##................
##...##.###.##.####
#####.@.#<#.#
#.##.....
#.....#.#.#.#
######.
#.##..#...#.# #.
#.##.9#..##.# ##
#...>....##.#
#######.########
..... #)# .#
......#.#.##.#.
...........9.!.


You could see a gargoyle.

Vanquished Creatures
  A shadow (D:5)
  A water moccasin (D:5)
  2 black bears
  3 phantoms (D:5)
  Blork the orc (D:5)
  3 hounds
  An orc priest (D:4)
  Natasha (thrice) (D:2)
  2 orc wizards (D:4)
  11 adders
  An ufetubus (D:6)
  3 worms
  6 dart slugs
  6 orcs
  3 endoplasms
  3 giant cockroaches
  6 goblins
  5 hobgoblins
  10 jackals
  4 kobolds
  6 quokkas
  5 ball pythons
  3 bats
  3 frilled lizards
  26 rats
118 creatures vanquished.

Notes
Turn   | Place    | Note
-------+----------+-------------------------------------------
     0 | D:1      | Peloso the Minotaur Fighter began the quest for the Orb.
     0 | D:1      | Reached XP level 1. HP: 19/19 MP: 0/0
   180 | D:1      | Reached XP level 2. HP: 27/27 MP: 1/1
   488 | D:1      | Reached XP level 3. HP: 33/33 MP: 2/2
   969 | D:2      | Found a blossoming altar of Fedhas.
   982 | D:2      | Identified the +7 trident of Zin's Righteous Fury {freeze,
                  | rPois rF+ Dex+2}
  1057 | D:2      | Noticed Natasha
  1063 | D:2      | Killed Natasha
  1064 | D:2      | Reached XP level 4. HP: 21/40 MP: 3/3
  1568 | D:2      | Noticed Natasha
  1574 | D:2      | Killed Natasha
  1575 | D:2      | Reached XP level 5. HP: 47/47 MP: 4/4
  1813 | D:2      | Noticed Natasha
  1820 | D:2      | Killed Natasha
  1821 | D:2      | Reached skill level 1 in Polearms
  1972 | D:3      | Found an ancient bone altar of Kikubaaqudgha.
  2096 | D:3      | Reached skill level 1 in Dodging
  2189 | D:3      | Found a blossoming altar of Fedhas.
  2244 | D:3      | Found a white marble altar of Elyvilon.
  2378 | D:3      | Found a faded altar of an unknown god.
  2524 | D:4      | Reached skill level 2 in Polearms
  2538 | D:4      | Reached skill level 5 in Armour
  2548 | D:4      | Reached skill level 3 in Polearms
  2548 | D:4      | Reached XP level 6. HP: 32/53 MP: 5/5
  2798 | D:4      | Got the Quarto of Forces and the Dead
  2822 | D:3      | Found an ornate altar of the Wu Jian Council.
  3042 | D:5      | Entered Level 5 of the Dungeon
  3042 | D:5      | Noticed a water moccasin
  3048 | D:5      | Killed a water moccasin
  3049 | D:5      | Reached skill level 4 in Polearms
  3085 | D:5      | Noticed a shadow
  3094 | D:5      | Reached XP level 7. HP: 51/60 MP: 6/6
  3095 | D:5      | Reached skill level 5 in Polearms
  3098 | D:5      | Reached skill level 5 in Fighting
  3105 | D:5      | Found a shimmering blue altar of Sif Muna.
  3125 | D:5      | Killed a shadow
  3126 | D:5      | Reached skill level 6 in Polearms
  3127 | D:5      | Noticed Blork the orc
  3134 | D:5      | Killed Blork the orc
  3264 | D:5      | Found a shadowy altar of Dithmenos.
  3536 | D:5      | Found a stormy altar of Qazlal.
  3595 | D:5      | Reached skill level 1 in Stealth
  3595 | D:5      | Reached XP level 8. HP: 64/68 MP: 7/7
  3640 | D:5      | Reached skill level 5 in Shields
  3643 | D:5      | Reached skill level 7 in Polearms
  3778 | D:5      | Found a hazy altar of Hepliaklqana.
  3977 | D:6      | Noticed a gargoyle
  3996 | D:6      | HP: 1/69 [gargoyle/stone arrow (5)]
  3998 | D:6      | Killed from afar by a gargoyle

Illustrated notes

Levels and vault maps discovered:
D:1:      nagdon_arrival_zigzag_paths, layout_basic, nrook_uturn
D:2:      layout_basic, serial_glass, glass_columns_b, glass_columns_c,
          glass_columns_a, glass_columns_b, glass_columns_a, glass_columns_b,
          glass_columns_a, glass_columns_c, basic_altar, dk_noncrumbling_4,
          kennysheep_path_1, minmay_hedge_maze, uniq_natasha
D:3:      layout_rooms, elyvilon_altar_3, nicolae_overflow_ecumenical_swirl,
          mainiacjoe_overflow_six_doors_small, kiku_gazebo_pond_becter,
          minmay_misc_feat_encased, kennysheep_generic_room_2
D:4:      layout_rooms, minmay_rat_hole
D:5:      layout_layer_cave, worldfamousw_hep_ancestral_shrine,
          mainiacjoe_overflow_alcove_1, nicolae_qazlal_eye_of_the_storm,
          minmay_ruined_shrine, uniq_blork_the_orc
D:6:      layout_basic, portal_sewer_entry_d, hangedman_minor_gate_pass,
          uniq_menkaure

Skill      XL: |  1  2  3  4  5  6  7  8 |
---------------+-------------------------+-----
Fighting       | 4 5 |  5.4
Armour         | 4 5 6 |  6.7
Shields        | 4 5 |  5.1
Long Blades    | 3 4 |  4.1
Polearms       | 3 4 6 7 |  7.1
Dodging        | 1 2 |  2.1
Stealth        | 1 |  1.0

Action                     |  1- 3 |  4- 6 |  7- 9 || total
---------------------------+-------+-------+-------++-------
  Melee: Long sword        |    93 |       |       ||    93
         Headbutt          |    24 |    22 |     9 ||    55
         Trident           |     3 |   127 |    48 ||   178
    Use: Potion            |     2 |       |     1 ||     3
         Scroll            |     1 |       |       ||     1
   Stab: Sleeping          |       |     1 |       ||     1
 Armour: Scale mail        |    36 |    18 |       ||    54
         Chain mail        |       |    55 |    35 ||    90
  Dodge: Dodged            |    29 |    41 |    11 ||    81
  Block: Buckler           |    18 |    26 |    16 ||    60
